Description

http://lotv.spawningtool.com/32284/download/

Replay - 2017-11-23 - (T)SpeCial VS (Z)JimRising

Build Order

Get SALT Encoding   

  12  0:00  SCV  
  13  0:12  SCV  
  14  0:17  Supply Depot  
  14  0:24  SCV  
  15  0:38  SCV  
  15  0:40  Barracks  
  16  0:43  Refinery  
  16  0:50  SCV  
  17  1:03  SCV  
  18  1:15  SCV  
  19  1:28  Orbital Command, Reaper  
  20  1:39  Command Center  
  20  1:49  Supply Depot  
  20  1:53  SCV  
  21  2:00  Marine  
  22  2:04  Factory  
  22  2:05  SCV  
  23  2:17  SCV  
  23  2:22  Barracks Reactor  
  25  2:39  Command Center  
  26  2:52  Orbital Command  
  29  3:05  Hellion x2  
  29  3:07  Barracks Tech Lab  
  33  3:26  Marine  
  33  3:27  Hellion x2, Stimpack  
  41  3:43  Supply Depot  
  41  3:44  Marine  
  44  3:52  Orbital Command  
  45  3:57  Factory Reactor  
  45  4:02  Marine  
  47  4:03  Barracks x2  
  48  4:12  Refinery  
  49  4:19  Marine  
  53  4:27  Supply Depot  
  55  4:37  Marine  
  55  4:38  Starport  
  57  4:43  Factory Reactor  
  59  4:50  Supply Depot  
  60  4:53  Refinery x2, Engineering Bay x2  
  60  4:55  Marine x3  
  66  5:03  Marine  
  71  5:15  Orbital Command  
  74  5:26  Medivac x2  
  84  5:37  Terran Infantry Weapons Level 1, Terran Infantry Armor Level 1  
  91  5:57  Factory Tech Lab  
  91  5:58  Barracks x2  
  91  6:05  Combat Shields  
  98  6:19  Siege Tank  
  101  6:31  Medivac  
  109  6:44  Medivac  
  116  6:54  Barracks Reactor x2  
  116  7:01  Medivac, Siege Tank  
  117  7:07  Armory  
  115  7:14  Medivac, Liberator  
  116  7:20  Refinery x2  
  122  7:32  Command Center  
  122  7:36  Siege Tank  
  127  8:04  Factory  
  127  8:05  Terran Infantry Weapons Level 2  
  131  8:07  Terran Infantry Armor Level 2  
  137  8:14  Barracks x3  
  137  8:20  Siege Tank  
  140  8:31  Missile Turret x2  
  139  8:35  Sensor Tower  
  142  8:44  Medivac x2  
  151  8:51  Factory Reactor  
  151  8:52  Siege Tank  
  158  9:07  Barracks Reactor, Barracks Tech Lab  
  158  9:08  Planetary Fortress, Missile Turret  
  162  9:13  Terran Vehicle And Ship Armor Level 1  
  162  9:14  Marauder  
  166  9:17  Medivac x2  
  177  9:27  Marauder  
  177  9:28  Widow Mine x2  
  180  9:35  Marauder  
  180  9:47  Barracks Tech Lab  
  180  9:54  Drilling Claws  
Spawning Tool Build Advisor. Get it on Overwolf

Analysis

http://lotv.spawningtool.com/32284/download/

Go to:

Details

  • Created by: GhostMarine
  • Published on: Nov 27, 2017
  • Modified on: Nov 27, 2017
  • Patch: 4.0.0
Show
View Real Time Build Order
Export as new Build Order

Comments (0)

There are no comments. Be the first!

Create an account to comment!